 Dungeon Crawl Stone Soup version 0.26.1-11-gd32895ea62 (webtiles) character file.

Game seed: 7806629997390891752

989 Almogavar the Cudgeller (level 8, -8/48 HPs)
             Began as a Gargoyle Fighter on Apr 16, 2021.
             Was a Follower of Okawaru.
             Mangled by a boulder beetle (22 damage)
             ... on level 6 of the Dungeon.
             The game lasted 00:13:26 (4789 turns).

Almogavar the Cudgeller (Gargoyle Fighter)          Turns: 4789, Time: 00:13:27

Health: -8/48      AC: 21    Str: 23    XL:     8   Next: 18%
Magic:  7/8        EV: 10    Int:  8    God:    Okawaru [*.....]
Gold:   329        SH: 12    Dex:  9    Spells: 7/7 levels left

rFire    . . .     SeeInvis .   a - +1 flail (protect)
rCold    . . .     Faith    .   c - +0 kite shield
rNeg     + + .     Spirit   .   y - +0 chain mail
rPois    ∞         Reflect  .   r - +0 helmet
rElec    +         Harm     .   e - +0 cloak
rCorr    .         Rampage  .   (no gloves)
Will     .....                  n - +0 pair of boots
Stlth    ..........             v - amulet of regeneration
HPRegen  0.56/turn              k - ring of positive energy
MPRegen  0.11/turn              (no ring)

@: heroism
A: negative energy resistance 1, electricity resistance, unbreathing,
petrification resistance, miasma immunity, AC +5
a: Renounce Religion, Heroism


You were on level 6 of the Dungeon.
You worshipped Okawaru.
Okawaru was aware of your devotion.
You visited 2 branches of the dungeon, and saw 7 of its levels.

You collected 329 gold pieces.

Inventory:

Hand Weapons
 a - a +1 flail of protection (weapon)
Missiles
 A - 24 bolts
Armour
 c - a +0 kite shield (worn)
 e - a +0 cloak (worn)
 n - a +0 pair of boots (worn)
 r - a +0 helmet (worn)
 y - a +0 chain mail (worn)
Jewellery
 k - a ring of positive energy (left hand)
 v - an amulet of regeneration (around neck)
Wands
 b - a wand of random effects (13)
 p - a wand of enslavement (5)
 u - a wand of flame (5)
Scrolls
 f - 2 scrolls of amnesia
 g - 2 scrolls of fear
 j - a scroll of fog
 m - 4 scrolls of teleportation
 o - a scroll of enchant armour {unknown}
 s - a scroll of enchant weapon
 w - 2 scrolls of remove curse
 x - 2 scrolls of magic mapping {unknown}
 z - 2 scrolls of immolation {unknown}
Potions
 d - 2 potions of might
 h - 2 potions of ambrosia
 i - a potion of invisibility {unknown}
 l - 3 potions of curing
 q - 2 potions of attraction {unknown}
 t - a potion of brilliance {unknown}
 B - a potion of degeneration {unknown}


   Skills:
 + Level 4.5(9.5) Fighting
 + Level 6.5(11.5) Maces & Flails
 + Level 5.0(10.0) Armour
 + Level 1.6(6.6) Dodging
 + Level 0.1(5.1) Stealth
 + Level 5.7(10.7) Shields


You had 7 spell levels left.
You didn't know any spells.
Your spell library was empty.

Dungeon Overview and Level Annotations

Branches:
Dungeon (6/15)             Temple (1/1) D:4

Altars:
Cheibriados
Dithmenos
Gozag
Kikubaaqudgha
Makhleb
Okawaru
Trog
Vehumet
Yredelemnul

Shops:
D:4 }   D:6 ?


Innate Abilities, Weirdness & Mutations

You are resistant to torment.
Your stone body is resilient. (AC +5)
You are immune to poison.
You resist negative energy. (rN+)
You are resistant to electric shocks. (rElec)
You can survive without breathing.
You are immune to petrification.
You are immune to miasma.


Message History

Aiming: Random Effects
Press: ? - help, Shift-Dir - straight line, f/p - boulder beetle
Aim: a boulder beetle (moderately wounded, fast)
The puff of flame hits the boulder beetle but does no damage.
The boulder beetle is moderately wounded.
You block the boulder beetle's attack.
The boulder beetle stops rolling and uncurls.
Aiming: Enslavement
Press: ? - help, Shift-Dir - straight line, f/p - boulder beetle
Aim: a boulder beetle (moderately wounded, fast, chance to affect: 28%)
The boulder beetle easily resists.
The boulder beetle bites you but does no damage.
You block the boulder beetle's attack.
Aiming: Throw Flame
Press: ? - help, Shift-Dir - straight line, f/p - boulder beetle
Aim: a boulder beetle (moderately wounded, fast, 0% to evade)
The puff of flame hits the boulder beetle but does no damage.
The boulder beetle is moderately wounded.
The boulder beetle bites you!!
You die...

###### #...
.....# +...
....# #....
....# #...
#...#
##...##...#
#.°...#...#
#..°°.#@..#
#.....B...#
#######...#
##+####..##...#
+.............#
#.............#
#.............#
####'##..##+###
##..#####


You could see a boulder beetle (fast).

Vanquished Creatures
  An ice beast (D:4)
  A sky beast (D:6)
  A bullfrog (D:6)
  A water moccasin zombie (D:6)
  A scorpion (D:5)
  A howler monkey (D:4)
  A bullfrog zombie (D:5)
  An orc priest (D:3)
  A hound (D:4)
  3 orc wizards
  A centaur skeleton (D:4)
  An iguana (D:4)
  3 worker ants
  A statue (D:4)
  A howler monkey skeleton (D:5)
  7 gnolls (D:3)
  5 adders
  A shadow imp (D:6)
  An ufetubus (D:5)
  2 worms
  3 dart slugs
  2 leopard geckos
  24 orcs
  9 giant cockroaches
  9 goblins
  5 hobgoblins
  6 jackals
  A quokka (D:3)
  2 ball pythons (D:3)
  10 bats
  6 frilled lizards
  A giant cockroach zombie (D:5)
  5 kobolds
  A quokka skeleton (D:2)
  5 rats
124 creatures vanquished.

Notes
Turn   | Place    | Note
-------+----------+-------------------------------------------
     0 | D:1      | Almogavar the Gargoyle Fighter began the quest for the Orb.
     0 | D:1      | Reached XP level 1. HP: 14/14 MP: 1/1
   363 | D:1      | Reached XP level 2. HP: 17/19 MP: 2/2
   902 | D:2      | Reached XP level 3. HP: 15/23 MP: 3/3
  1649 | D:2      | Reached XP level 4. HP: 25/28 MP: 4/4
  2025 | D:3      | Reached skill level 3 in Maces & Flails
  2063 | D:3      | Reached XP level 5. HP: 20/33 MP: 5/5
  2374 | D:3      | Reached skill level 4 in Maces & Flails
  2376 | D:3      | Reached XP level 6. HP: 22/38 MP: 6/6
  2869 | D:4      | Reached skill level 1 in Dodging
  2903 | D:4      | Found Qymnen's Gadget Shop.
  3170 | D:4      | Reached skill level 5 in Maces & Flails
  3211 | D:4      | Noticed an ice beast
  3217 | D:4      | Killed an ice beast
  3218 | D:4      | Reached skill level 5 in Shields
  3218 | D:4      | Reached XP level 7. HP: 43/43 MP: 7/7
  3320 | D:4      | Found a staircase to the Ecumenical Temple.
  3330 | Temple   | Entered the Ecumenical Temple
  3336 | Temple   | Became a worshipper of Warmaster Okawaru
  3394 | D:4      | Found a radiant altar of Vehumet.
  3687 | D:5      | Entered Level 5 of the Dungeon
  4444 | D:6      | Reached skill level 6 in Maces & Flails
  4444 | D:6      | Found Eschelik's Magic Scroll Emporium.
  4517 | D:6      | Reached XP level 8. HP: 46/48 MP: 8/8
  4546 | D:6      | Reached skill level 5 in Armour
  4592 | D:6      | Reached * piety under Okawaru
  4758 | D:6      | Noticed a boulder beetle
  4789 | D:6      | Mangled by a boulder beetle

Illustrated notes

Levels and vault maps discovered:
D:1:      moated_graveyard_arrival, layout_loops_ring, minmay_shallow_snake_nest
D:2:      layout_basic
D:3:      layout_loops_ring
D:4:      layout_loops_corners, vehumet_statue,
          minmay_temple_entry_stoned_glass, serial_shops, shop_fountains,
          minmay_pentomino_pile
D:5:      layout_gridville, lemuel_flamethrower_2
D:6:      black_bear_nest_1, layout_gridville, serial_shops, shop_fountains
Temple:   eino_narrow_crystal_temple

Skill      XL: |  1  2  3  4  5  6  7  8 |
---------------+-------------------------+-----
Shields        | 4 5 |  5.7
Maces & Flails | 3 4 5 6 |  6.5
Armour         | 4 5 |  5.0
Fighting       | 4 |  4.5
Dodging        | 1 |  1.6
Stealth        | |  0.1

Action                   |  1- 3 |  4- 6 |  7- 9 || total
-------------------------+-------+-------+-------++-------
Melee: Flail             |   152 |   196 |   153 ||   501
Invok: Heroism           |       |       |     2 ||     2
Evoke: Wand              |       |       |     4 ||     4
  Use: Scroll            |     1 |     3 |     4 ||     8
       Potion            |       |     1 |       ||     1
Armor: Scale mail        |   137 |   164 |       ||   301
       Chain mail        |       |     6 |   108 ||   114
Dodge: Dodged            |    68 |    87 |    31 ||   186
Block: Kite shield       |   116 |   152 |    79 ||   347
